 Dungeon Crawl Stone Soup version 0.30-a0-165-g1891117ce2 (webtiles) character file.

Game seed: 2781667253056519760

7253 qw the Blocker (level 11, -1/67 HPs)
             Began as a Gargoyle Fighter on Sept 28, 2022.
             Was a Priest of Okawaru.
             Slain by a two-headed ogre
             ... wielding a +0 dire flail
             ... summoned by an orange crystal statue
              (14 damage)
             ... on level 8 of the Dungeon.
             The game lasted 00:03:45 (8018 turns).

qw the Blocker (Gargoyle Fighter)                   Turns: 8018, Time: 00:03:46

Health: -1/67      AC: 24    Str: 24      XL:     11   Next: 12%
Magic:  1/14       EV: 11    Int:  6 (9)  God:    Okawaru [***...]
Gold:   441        SH:  8    Dex: 13      Spells: 10/10 levels left

rFire   + . .      SeeInvis .    a - +4 war axe "Naxeint" {freeze, rN+ Dex+4}
rCold   . . .      Faith    .    c - +0 buckler
rNeg    + + .      Spirit   .    p - +0 chain mail
rPois   inf        Reflect  .    (no helmet)
rElec   +          Harm     .    t - +0 cloak
rCorr   .          Rampage  .    (no gloves)
Will    .....                    (no boots)
Stlth   ..........               w - amulet of regeneration
HPRegen 1.01/turn                q - +4 ring of protection
MPRegen 0.14/turn                f - ring of protection from fire

@: heroic
A: sickness immunity, AC +8, negative energy resistance 1, electricity
resistance, torment resistance 1, petrification resistance
a: Renounce Religion, Heroism


You were on level 8 of the Dungeon.
You worshipped Okawaru.
Okawaru was most pleased with you.
You visited 1 branch of the dungeon, and saw 8 of its levels.
You also visited: Ossuary.

You collected 441 gold pieces.


Innate Abilities, Weirdness & Mutations

You are immune to sickness and miasma.
Your stone body is resilient. (AC +8)
You are immune to poison.
You resist negative energy. (rN+)
You are resistant to electric shocks. (rElec)
You are resistant to unholy torment.
You are immune to petrification.


   Skills:
 - Level 7.0(12.0) Fighting
 - Level 10.0(15.0) Axes
 - Level 2.2(7.2) Throwing
 + Level 4.7(9.7) Armour
 - Level 2.0(7.0) Dodging
 - Level 12.8(17.8) Shields
 - Level 4.2 Invocations


You had 10 spell levels left.
You didn't know any spells.
Your spell library was empty.

Inventory:

Hand Weapons
 a - the +4 war axe "Naxeint" (weapon) {freeze, rN+ Dex+4}
   (You acquired it on level 1 of the Dungeon)

   It freezes those it strikes, dealing additional cold damage.
   It can also slow down cold-blooded creatures.
   Dex:       It affects your dexterity (+4).
   rN:        It protects you from negative energy.
 o - a +0 morningstar
Missiles
 h - 3 boomerangs (quivered)
Armour
 c - a +0 buckler (worn)
 g - a +0 plate armour
 p - a +0 chain mail (worn)
 t - a +0 cloak (worn)
Jewellery
 f - a ring of protection from fire (right hand)
 n - a ring of positive energy
 q - a +4 ring of protection (left hand)
 s - a ring of fire
 w - an amulet of regeneration (around neck)
Scrolls
 e - 3 scrolls of teleportation
 j - a scroll of identify
Potions
 b - a potion of lignification
 d - 4 potions of might
 i - 5 potions of curing
 k - 4 potions of attraction
 l - a potion of resistance
 m - 2 potions of magic
 r - a potion of heal wounds
 u - 2 potions of mutation
 v - a potion of cancellation

Dungeon Overview and Level Annotations

Branches:
Dungeon (8/15)             Temple (0/1) D:4         Ossuary (visited)
   Lair: D:8-11

Altars:
Ashenzari
Hepliaklqana
Nemelex Xobeh
Okawaru
Qazlal
Wu Jian
Xom
Zin

Annotations:
D:4 2 transporters


Message History

You feel dopey. Something feeds on your intellect!
You block the wight's attack.
The two-headed ogre hits you with a +0 dire flail.
The two-headed ogre hits you with a +0 giant club!!
The bullfrog hits you but does no damage.
You hit the two-headed ogre. You freeze the two-headed ogre.
The two-headed ogre is severely wounded.
You slash the bullfrog!
The bullfrog seems to slow down.
You freeze the bullfrog. The wight barely misses you.
You slash the bullfrog!
The bullfrog seems to slow down.
You freeze the bullfrog.
You kill the bullfrog!
The bullfrog's corpse dissolves into shadows!
You hit the two-headed ogre. You freeze the two-headed ogre.
The two-headed ogre hits you but does no damage.
The two-headed ogre barely misses you. You block the wight's attack.
You hit the two-headed ogre but do no damage.
The two-headed ogre is almost dead.
A killer bee comes into view.
The killer bee buzzes angrily.
You hit the two-headed ogre but do no damage.
The two-headed ogre is almost dead.
The wight hits you from afar with a +4 halberd!
You block the two-headed ogre's attack. x2
The orange crystal statue fixes its piercing gaze on you.
You feel your power leaking away.
You hit the two-headed ogre. You freeze the two-headed ogre.
The two-headed ogre is almost dead.
A killer bee comes into view.
You block the wight's attack.
The killer bee buzzes angrily.
You hit the two-headed ogre. You freeze the two-headed ogre.
The two-headed ogre is almost dead.
You closely miss the killer bee.
You hear an angry buzzing noise.
The killer bee stings you but does no damage.
The two-headed ogre hits you with a +0 dire flail!
The two-headed ogre hits you with a +0 giant club!
You die...

##.# #...........##
... ..##
##..####.....##....
### #..#
###......... ..##
#..# ##........
##.# #...
##..###.... ..##
#... ##...## ...
###### ..###.....#
.. ..#..##
.......y..#
......##
.......@.##
#......#
..###..O.z#
......## . ##.....#
......# ##.....#
###...# ##..8.[#
##..# #...## ##...#
#?## ##....# ##
#.....##


You could see an orange crystal statue, a two-headed ogre (summoned), a killer
bee and a wight (summoned).

Vanquished Creatures
  A wyvern (D:7)
  Edmund (D:4)
  Grum (D:8)
  3 water moccasins
  3 orc warriors
  4 black bears
  2 ice beasts
  4 wolves (D:8)
  3 phantoms
  Blork the orc (D:4)
  A necrophage (D:5)
  3 bullfrogs
  14 scorpions
  6 wights (D:7)
  2 water moccasin zombies (D:4)
  3 electric eels (D:7)
  2 howler monkeys (D:8)
  2 bullfrog zombies (D:4)
  2 centaur zombies
  4 hounds
  A human zombie (Ossuary)
  5 orc priests
  A centaur skeleton (D:4)
  2 iguanas
  4 orc wizards
  7 scorpion zombies
  3 hound zombies (D:4)
  3 mummies (Ossuary)
  11 adders
  3 gnolls
  A howler monkey skeleton (D:4)
  A shadow imp (D:6)
  An ufetubus (D:5)
  3 adder zombies (D:4)
  3 worms
  2 dart slugs
  38 orcs
  4 bats (D:2)
  7 endoplasms
  2 giant cockroaches
  A gnoll zombie (Ossuary)
  8 goblins
  8 hobgoblins
  3 jackals (D:1)
  6 kobolds
  10 quokkas
  7 ball pythons
  5 frilled lizards
  2 goblin zombies
  2 hobgoblin zombies (Ossuary)
  3 kobold zombies (Ossuary)
  An orc zombie (Ossuary)
  A quokka zombie (D:4)
  5 rats
  A rat zombie (D:7)
227 creatures vanquished.

Vanquished Creatures (others)
  13 withered plants (D:4)
13 creatures vanquished.

Grand Total: 240 creatures vanquished

Notes
Turn   | Place    | Note
-------+----------+-------------------------------------------
     0 | D:1      | qw the Gargoyle Fighter began the quest for the Orb.
     0 | D:1      | Reached XP level 1. HP: 14/14 MP: 1/1
     0 | D:1      | 0 ||| qw: Version: 0.2-a-12-gaebbb33
     0 | D:1      | 0 ||| qw: Game counter: 866
     0 | D:1      | 0 ||| qw: Always use a shield: true
     0 | D:1      | 0 ||| qw: God list: Okawaru
     0 | D:1      | 0 ||| qw: Allow faded altars: false
     0 | D:1      | 0 ||| qw: Do Orc after D:15 true
     0 | D:1      | 0 ||| qw: Do second Lair branch before Depths: true
     0 | D:1      | 0 ||| qw: Lair rune preference: random
     0 | D:1      | 0 ||| qw: Plans: Normal, Zot:1-4, God:TSO, Crypt, Tomb,
                  | Pan, Slime:5, Hells, Abyss, Orb
     0 | D:1      | 0 ||| PLANNING D:1-11
    33 | D:1      | 33 ||| Stepping ~*~*~tactically~*~*~ (stealth).
   187 | D:1      | 187 ||| Stepping ~*~*~tactically~*~*~ (stealth).
   268 | D:1      | Reached XP level 2. HP: 19/19 MP: 2/2
   337 | D:1      | 337 ||| DROPPING +0 club.
   348 | D:1      | 348 ||| Stepping ~*~*~tactically~*~*~ (stealth).
   556 | D:1      | Found a faded altar of an unknown god.
   572 | D:1      | Reached skill level 3 in Axes
   754 | D:1      | 754 ||| DROPPING ring of wizardry.
   755 | D:1      | 755 ||| READING scroll labelled PANUET SEMEV.
   756 | D:1      | 756 ||| READING scroll labelled GUREMNUFEA.
   756 | D:1      | Identified a scroll of acquirement
   756 | D:1      | 756 ||| ACQUIRING +4 war axe "Naxeint" {freeze, rN+ Dex+4}
   756 | D:1      | Acquired the +4 war axe "Naxeint" {freeze, rN+ Dex+4}
   758 | D:1      | 758 ||| SWAPPING to +4 war axe "Naxeint" {freeze, rN+
                  | Dex+4}.
   759 | D:1      | 759 ||| DROPPING +0 war axe.
   760 | D:1      | 760 ||| READING scroll labelled YTTOPH NEOMO.
   761 | D:1      | 761 ||| DRINKING 3 puce potions.
   762 | D:1      | 762 ||| DRINKING 2 fuming dark potions.
   763 | D:1      | 763 ||| DROPPING 2 potions of flight.
   830 | D:2      | Reached XP level 3. HP: 23/23 MP: 3/3
   848 | D:2      | 848 ||| Stepping ~*~*~tactically~*~*~ (hiding).
  1084 | D:2      | Reached skill level 1 in Throwing
  1133 | D:2      | Reached XP level 4. HP: 28/28 MP: 4/4
  1436 | D:2      | 1436 ||| READING 2 scrolls labelled BADGHAU CESYH.
  1437 | D:2      | 1437 ||| READING scroll labelled RYOM LIBYOMM.
  1438 | D:2      | 1438 ||| READING scroll labelled EFOB RYM OTWAG.
  1439 | D:2      | 1439 ||| DROPPING scroll of magic mapping.
  1460 | D:3      | 1460 ||| STAIRDANCE
  1466 | D:3      | 1466 ||| STAIRDANCE
  1685 | D:3      | 1685 ||| Stepping ~*~*~tactically~*~*~ (stealth).
  1692 | D:3      | Reached skill level 1 in Dodging
  1786 | D:3      | 1786 ||| FLEEEEING.
  1787 | D:3      | 1787 ||| FLEEEEING.
  1788 | D:3      | 1788 ||| FLEEEEING.
  1789 | D:3      | 1789 ||| FLEEEEING.
  1790 | D:3      | 1790 ||| FLEEEEING.
  1791 | D:3      | 1791 ||| FLEEEEING.
  1792 | D:3      | 1792 ||| FLEEEEING.
  1793 | D:3      | 1793 ||| FLEEEEING.
  1794 | D:3      | 1794 ||| FLEEEEING.
  1795 | D:3      | 1795 ||| FLEEEEING.
  1796 | D:3      | 1796 ||| FLEEEEING.
  1800 | D:3      | 1800 ||| FLEEEEING.
  1801 | D:3      | 1801 ||| FLEEEEING.
  1802 | D:3      | 1802 ||| FLEEEEING.
  1804 | D:3      | 1804 ||| FLEEEEING.
  1805 | D:3      | 1805 ||| FLEEEEING.
  1806 | D:3      | 1806 ||| FLEEEEING.
  1807 | D:3      | 1807 ||| FLEEEEING.
  1811 | D:3      | 1811 ||| FLEEEEING.
  1812 | D:3      | 1812 ||| FLEEEEING.
  1814 | D:3      | 1814 ||| FLEEEEING.
  1815 | D:3      | 1815 ||| FLEEEEING.
  1816 | D:3      | 1816 ||| FLEEEEING.
  1827 | D:3      | Reached XP level 5. HP: 31/32 MP: 5/5
  1933 | D:3      | 1933 ||| Stepping ~*~*~tactically~*~*~ (stealth).
  2020 | D:3      | Found a stormy altar of Qazlal.
  2021 | D:3      | 2021 ||| Stepping ~*~*~tactically~*~*~ (stealth).
  2156 | D:3      | 2156 ||| UPGRADING to +0 chain mail.
  2166 | D:3      | 2166 ||| DROPPING +0 scale mail.
  2167 | D:3      | 2167 ||| UPGRADING to ring of protection from fire.
  2168 | D:3      | 2168 ||| READING scroll labelled JUHUIN CAULEDE.
  2169 | D:3      | 2169 ||| READING scroll labelled GAXZAFRAIWUPT.
  2170 | D:3      | 2170 ||| DRINKING 2 fuming emerald potions.
  2195 | D:4      | 2195 ||| STAIRDANCE
  2222 | D:4      | 2222 ||| STAIRDANCE
  2250 | D:4      | 2250 ||| Stepping ~*~*~tactically~*~*~ (hiding).
  2342 | D:4      | 2342 ||| Stepping ~*~*~tactically~*~*~ (stealth).
  2345 | D:4      | Noticed a phantom
  2349 | D:4      | Killed a phantom
  2350 | D:4      | Reached XP level 6. HP: 37/37 MP: 6/6
  2378 | D:4      | Found a sparkling altar of Nemelex Xobeh.
  2430 | D:4      | 2430 ||| Stepping ~*~*~tactically~*~*~ (stealth).
  2536 | D:4      | 2536 ||| Stepping ~*~*~tactically~*~*~ (stealth).
  2559 | D:4      | Reached XP level 7. HP: 40/44 MP: 7/7
  2610 | D:4      | 2610 ||| Stepping ~*~*~tactically~*~*~ (hiding).
  2612 | D:4      | 2612 ||| Stepping ~*~*~tactically~*~*~ (hiding).
  2620 | D:4      | Reached skill level 6 in Axes
  2623 | D:4      | 2623 ||| FLEEEEING.
  2717 | D:4      | 2717 ||| FLEEEEING.
  2717 | D:4      | Found a transporter.
  2718 | D:4      | 2718 ||| FLEEEEING.
  2719 | D:4      | 2719 ||| STAIRDANCE
  2773 | D:3      | 2773 ||| UPGRADING to ring of positive energy.
  2774 | D:3      | 2774 ||| READING scroll labelled MUYD BA CYIH.
  2775 | D:3      | 2775 ||| READING scroll labelled KOLECUE XUGYR.
  2779 | D:3      | 2779 ||| DRINKING 2 bubbling golden potions.
  2973 | D:4      | Found an iron altar of Okawaru.
  2973 | D:4      | Found a broken altar of Ashenzari.
  2974 | D:4      | 2974 ||| PLANNING OKAWARU WORSHIP
  2977 | D:4      | Became a worshipper of Warmaster Okawaru
  2978 | D:4      | 2978 ||| PLANNING D:1-11
  2996 | D:4      | 2996 ||| Stepping ~*~*~tactically~*~*~ (stealth).
  3000 | D:4      | 3000 ||| Stepping ~*~*~tactically~*~*~ (stealth).
  3059 | D:4      | 3059 ||| Stepping ~*~*~tactically~*~*~ (stealth).
  3059 | D:4      | Found a staircase to the Ecumenical Temple.
  3061 | D:4      | 3061 ||| Stepping ~*~*~tactically~*~*~ (stealth).
  3065 | D:4      | 3065 ||| Stepping ~*~*~tactically~*~*~ (stealth).
  3066 | D:4      | Noticed Edmund
  3069 | D:4      | 3069 ||| Stepping ~*~*~tactically~*~*~ (stealth).
  3070 | D:4      | 3070 ||| Stepping ~*~*~tactically~*~*~ (stealth).
  3073 | D:4      | 3073 ||| Stepping ~*~*~tactically~*~*~ (stealth).
  3076 | D:4      | 3076 ||| Stepping ~*~*~tactically~*~*~ (stealth).
  3078 | D:4      | Killed Edmund
  3079 | D:4      | 3079 ||| Stepping ~*~*~tactically~*~*~ (stealth).
  3081 | D:4      | 3081 ||| Stepping ~*~*~tactically~*~*~ (stealth).
  3082 | D:4      | 3082 ||| Stepping ~*~*~tactically~*~*~ (stealth).
  3084 | D:4      | 3084 ||| Stepping ~*~*~tactically~*~*~ (stealth).
  3085 | D:4      | 3085 ||| DROPPING +0 mace.
  3088 | D:4      | 3088 ||| Stepping ~*~*~tactically~*~*~ (stealth).
  3091 | D:4      | 3091 ||| Stepping ~*~*~tactically~*~*~ (stealth).
  3092 | D:4      | 3092 ||| Stepping ~*~*~tactically~*~*~ (stealth).
  3105 | D:4      | Reached * piety under Okawaru
  3125 | D:4      | 3125 ||| Stepping ~*~*~tactically~*~*~ (stealth).
  3129 | D:4      | 3129 ||| Stepping ~*~*~tactically~*~*~ (stealth).
  3132 | D:4      | 3132 ||| Stepping ~*~*~tactically~*~*~ (stealth).
  3135 | D:4      | 3135 ||| Stepping ~*~*~tactically~*~*~ (stealth).
  3149 | D:4      | 3149 ||| Stepping ~*~*~tactically~*~*~ (stealth).
  3155 | D:4      | 3155 ||| Stepping ~*~*~tactically~*~*~ (stealth).
  3156 | D:4      | 3156 ||| Stepping ~*~*~tactically~*~*~ (stealth).
  3165 | D:4      | 3165 ||| Stepping ~*~*~tactically~*~*~ (stealth).
  3167 | D:4      | 3167 ||| Stepping ~*~*~tactically~*~*~ (stealth).
  3181 | D:4      | 3181 ||| Stepping ~*~*~tactically~*~*~ (stealth).
  3200 | D:4      | 3200 ||| Stepping ~*~*~tactically~*~*~ (stealth).
  3218 | D:4      | 3218 ||| Stepping ~*~*~tactically~*~*~ (stealth).
  3227 | D:4      | Reached skill level 1 in Invocations
  3282 | D:4      | 3282 ||| Stepping ~*~*~tactically~*~*~ (stealth).
  3283 | D:4      | 3283 ||| Stepping ~*~*~tactically~*~*~ (stealth).
  3343 | D:4      | Reached XP level 8. HP: 48/48 MP: 7/9
  3383 | D:4      | 3383 ||| Stepping ~*~*~tactically~*~*~ (stealth).
  3483 | D:4      | 3483 ||| Stepping ~*~*~tactically~*~*~ (stealth).
  3486 | D:4      | 3486 ||| Stepping ~*~*~tactically~*~*~ (stealth).
  3511 | D:4      | 3511 ||| Stepping ~*~*~tactically~*~*~ (stealth).
  3523 | D:4      | Noticed Blork the orc
  3524 | D:4      | 3524 ||| Stepping ~*~*~tactically~*~*~ (hiding).
  3531 | D:4      | 3531 ||| INVOKING Heroism.
  3536 | D:4      | Killed Blork the orc
  3543 | D:4      | Reached skill level 3 in Invocations
  3551 | D:4      | 3551 ||| Stepping ~*~*~tactically~*~*~ (stealth).
  3668 | D:4      | Found a transporter.
  3702 | D:4      | 3702 ||| READING scroll labelled FEVVUIVEKUS.
  3703 | D:4      | 3703 ||| DRINKING 2 bubbling green potions.
  3764 | D:5      | Entered Level 5 of the Dungeon
  3764 | D:5      | Noticed an angel
  3764 | D:5      | Found a glowing silver altar of Zin.
  3764 | D:5      | Found a shimmering altar of Xom.
  3787 | D:5      | 3787 ||| INVOKING Heroism.
  3903 | D:5      | Found a hazy altar of Hepliaklqana.
  3959 | D:5      | 3959 ||| Stepping ~*~*~tactically~*~*~ (stealth).
  4162 | D:5      | Reached ** piety under Okawaru
  4296 | D:5      | 4296 ||| INVOKING Heroism.
  4333 | D:5      | 4333 ||| UPGRADING to +0 cloak.
  4344 | D:5      | Reached skill level 6 in Fighting
  4344 | D:5      | Reached XP level 9. HP: 55/55 MP: 12/12
  4456 | D:5      | 4456 ||| Stepping ~*~*~tactically~*~*~ (stealth).
  4464 | D:5      | 4464 ||| Stepping ~*~*~tactically~*~*~ (stealth).
  4469 | D:5      | 4469 ||| Stepping ~*~*~tactically~*~*~ (stealth).
  4476 | D:5      | 4476 ||| Stepping ~*~*~tactically~*~*~ (stealth).
  4477 | D:5      | 4477 ||| Stepping ~*~*~tactically~*~*~ (stealth).
  4484 | D:5      | 4484 ||| Stepping ~*~*~tactically~*~*~ (stealth).
  4486 | D:5      | 4486 ||| INVOKING Heroism.
  4544 | D:5      | 4544 ||| INVOKING Heroism.
  4569 | D:5      | You fall into a shaft and drop 1 floor!
  4693 | D:6      | 4693 ||| Stepping ~*~*~tactically~*~*~ (stealth).
  4697 | D:6      | 4697 ||| Stepping ~*~*~tactically~*~*~ (stealth).
  4700 | D:6      | 4700 ||| Stepping ~*~*~tactically~*~*~ (stealth).
  4774 | D:6      | 4774 ||| Stepping ~*~*~tactically~*~*~ (hiding).
  4870 | D:6      | Reached skill level 9 in Axes
  4889 | D:6      | 4889 ||| UPGRADING to +4 ring of protection.
  4891 | D:6      | 4891 ||| UPGRADING to ring of protection from fire.
  4893 | D:6      | 4893 ||| READING scroll labelled EQOYG PA ESAAKH.
  4894 | D:6      | 4894 ||| READING scroll labelled HISSIM HOSKAE.
  4895 | D:6      | 4895 ||| READING scroll labelled YNIOB ITSE.
  4996 | D:6      | 4996 ||| DRINKING 2 metallic cyan potions.
  4997 | D:6      | 4997 ||| DRINKING 2 blue potions.
  5098 | D:6      | 5098 ||| READING 5 scrolls of identify.
  5098 | D:6      | 5098 ||| IDENTIFYING inky potion
  5099 | D:6      | 5099 ||| READING 4 scrolls of identify.
  5099 | D:6      | 5099 ||| IDENTIFYING yellow potion
  5100 | D:6      | 5100 ||| READING 3 scrolls of identify.
  5100 | D:6      | 5100 ||| IDENTIFYING fizzy clear potion
  5101 | D:6      | 5101 ||| READING 2 scrolls of identify.
  5101 | D:6      | 5101 ||| IDENTIFYING fizzy orange potion
  5102 | D:6      | 5102 ||| DRINKING potion of experience.
  5102 | D:6      | Reached skill level 12 in Shields
  5102 | D:6      | Reached XP level 10. HP: 60/60 MP: 13/13
  5103 | D:6      | 5103 ||| DROPPING potion of brilliance.
  5104 | D:6      | 5104 ||| DROPPING potion of ambrosia.
  5404 | D:6      | 5404 ||| INVOKING Heroism.
  5432 | D:6      | 5432 ||| Stepping ~*~*~tactically~*~*~ (stealth).
  5438 | D:6      | 5438 ||| INVOKING Heroism.
  5806 | D:6      | 5806 ||| FLEEEEING.
  5807 | D:6      | 5807 ||| FLEEEEING.
  5808 | D:6      | 5808 ||| FLEEEEING.
  5809 | D:6      | 5809 ||| FLEEEEING.
  5810 | D:6      | 5810 ||| FLEEEEING.
  5814 | D:6      | 5814 ||| FLEEEEING.
  5815 | D:6      | 5815 ||| FLEEEEING.
  5816 | D:6      | 5816 ||| FLEEEEING.
  5824 | D:6      | 5824 ||| FLEEEEING.
  5825 | D:6      | 5825 ||| FLEEEEING.
  5826 | D:6      | 5826 ||| FLEEEEING.
  5827 | D:6      | 5827 ||| FLEEEEING.
  5828 | D:6      | 5828 ||| FLEEEEING.
  5829 | D:6      | 5829 ||| FLEEEEING.
  5830 | D:6      | 5830 ||| FLEEEEING.
  5831 | D:6      | 5831 ||| FLEEEEING.
  5832 | D:6      | 5832 ||| FLEEEEING.
  5833 | D:6      | 5833 ||| FLEEEEING.
  5834 | D:6      | 5834 ||| FLEEEEING.
  5835 | D:6      | 5835 ||| FLEEEEING.
  5836 | D:6      | 5836 ||| FLEEEEING.
  5837 | D:6      | 5837 ||| FLEEEEING.
  5838 | D:6      | 5838 ||| FLEEEEING.
  5839 | D:6      | 5839 ||| FLEEEEING.
  5840 | D:6      | 5840 ||| FLEEEEING.
  5841 | D:6      | 5841 ||| FLEEEEING.
  5842 | D:6      | 5842 ||| FLEEEEING.
  5854 | D:6      | 5854 ||| FLEEEEING.
  5855 | D:6      | 5855 ||| FLEEEEING.
  5856 | D:6      | 5856 ||| FLEEEEING.
  5857 | D:6      | 5857 ||| FLEEEEING.
  5858 | D:6      | 5858 ||| FLEEEEING.
  5859 | D:6      | 5859 ||| FLEEEEING.
  5860 | D:6      | 5860 ||| FLEEEEING.
  5861 | D:6      | 5861 ||| FLEEEEING.
  5862 | D:6      | 5862 ||| FLEEEEING.
  5863 | D:6      | 5863 ||| FLEEEEING.
  5864 | D:6      | 5864 ||| FLEEEEING.
  5865 | D:6      | 5865 ||| FLEEEEING.
  5866 | D:6      | 5866 ||| FLEEEEING.
  5867 | D:6      | 5867 ||| FLEEEEING.
  5870 | D:6      | 5870 ||| FLEEEEING.
  5871 | D:6      | 5871 ||| FLEEEEING.
  5872 | D:6      | 5872 ||| FLEEEEING.
  5873 | D:6      | 5873 ||| FLEEEEING.
  5874 | D:6      | 5874 ||| FLEEEEING.
  5875 | D:6      | 5875 ||| FLEEEEING.
  5876 | D:6      | 5876 ||| FLEEEEING.
  5877 | D:6      | 5877 ||| FLEEEEING.
  5878 | D:6      | 5878 ||| FLEEEEING.
  5879 | D:6      | 5879 ||| FLEEEEING.
  5880 | D:6      | 5880 ||| FLEEEEING.
  5881 | D:6      | 5881 ||| FLEEEEING.
  5887 | D:6      | 5887 ||| FLEEEEING.
  5888 | D:6      | 5888 ||| FLEEEEING.
  5895 | D:6      | 5895 ||| FLEEEEING.
  5896 | D:6      | 5896 ||| FLEEEEING.
  5897 | D:6      | 5897 ||| FLEEEEING.
  5909 | D:6      | 5909 ||| FLEEEEING.
  5910 | D:6      | 5910 ||| FLEEEEING.
  5911 | D:6      | 5911 ||| FLEEEEING.
  5912 | D:6      | 5912 ||| FLEEEEING.
  5917 | D:6      | 5917 ||| FLEEEEING.
  5919 | D:6      | 5919 ||| FLEEEEING.
  5920 | D:6      | 5920 ||| FLEEEEING.
  5925 | D:6      | 5925 ||| Stepping ~*~*~tactically~*~*~ (hiding).
  5926 | D:6      | 5926 ||| Stepping ~*~*~tactically~*~*~ (hiding).
  6167 | D:6      | 6167 ||| READING 2 scrolls of identify.
  6167 | D:6      | 6167 ||| IDENTIFYING emerald potion
  6168 | D:6      | 6168 ||| DROPPING potion of degeneration.
  6267 | D:7      | 6267 ||| PLANNING OSSUARY
  6426 | D:7      | 6426 ||| DROPPING +4 flail of protection.
  6438 | D:7      | 6438 ||| Stepping ~*~*~tactically~*~*~ (hiding).
  6443 | D:7      | 6443 ||| INVOKING Heroism.
  6544 | D:7      | 6544 ||| Stepping ~*~*~tactically~*~*~ (stealth).
  6549 | D:7      | 6549 ||| Stepping ~*~*~tactically~*~*~ (stealth).
  6562 | D:7      | 6562 ||| FLEEEEING.
  6563 | D:7      | 6563 ||| FLEEEEING.
  6565 | D:7      | 6565 ||| FLEEEEING.
  6567 | D:7      | 6567 ||| STAIRDANCE
  6601 | D:7      | Reached *** piety under Okawaru
  6669 | D:7      | 6669 ||| Stepping ~*~*~tactically~*~*~ (stealth).
  6670 | D:7      | 6670 ||| Stepping ~*~*~tactically~*~*~ (stealth).
  6671 | D:7      | Found a sand-covered staircase.
  6682 | Ossuary  | Entered an ossuary
  6703 | Ossuary  | 6703 ||| Stepping ~*~*~tactically~*~*~ (stealth).
  6815 | Ossuary  | 6815 ||| Stepping ~*~*~tactically~*~*~ (stealth).
  6816 | Ossuary  | 6816 ||| Stepping ~*~*~tactically~*~*~ (stealth).
  6818 | Ossuary  | 6818 ||| Stepping ~*~*~tactically~*~*~ (stealth).
  6820 | Ossuary  | 6820 ||| Stepping ~*~*~tactically~*~*~ (stealth).
  6821 | Ossuary  | 6821 ||| Stepping ~*~*~tactically~*~*~ (stealth).
  6848 | Ossuary  | 6848 ||| Stepping ~*~*~tactically~*~*~ (stealth).
  6850 | Ossuary  | 6850 ||| INVOKING Heroism.
  6923 | Ossuary  | 6923 ||| INVOKING Heroism.
  7026 | Ossuary  | 7026 ||| DROPPING amulet of faith.
  7027 | Ossuary  | 7027 ||| UPGRADING to amulet of regeneration.
  7032 | Ossuary  | 7032 ||| READING 2 scrolls of identify.
  7032 | Ossuary  | 7032 ||| IDENTIFYING metallic puce potion
  7069 | D:7      | 7069 ||| PLANNING D:1-11
  7071 | D:7      | 7071 ||| Stepping ~*~*~tactically~*~*~ (stealth).
  7072 | D:7      | 7072 ||| Stepping ~*~*~tactically~*~*~ (stealth).
  7085 | D:7      | 7085 ||| Stepping ~*~*~tactically~*~*~ (stealth).
  7111 | D:7      | 7111 ||| Stepping ~*~*~tactically~*~*~ (hiding).
  7113 | D:7      | 7113 ||| INVOKING Heroism.
  7157 | D:7      | 7157 ||| INVOKING Heroism.
  7161 | D:7      | 7161 ||| Stepping ~*~*~tactically~*~*~ (stealth).
  7162 | D:7      | 7162 ||| Stepping ~*~*~tactically~*~*~ (stealth).
  7260 | D:7      | 7260 ||| INVOKING Heroism.
  7274 | D:7      | Reached XP level 11. HP: 67/67 MP: 12/14
  7643 | D:7      | Found an ornate altar of the Wu Jian Council.
  7714 | D:7      | 7714 ||| DROPPING amulet of magic regeneration.
  7715 | D:7      | 7715 ||| DROPPING ring of magical power.
  7844 | D:8      | Noticed Grum
  7845 | D:8      | 7845 ||| Stepping ~*~*~tactically~*~*~ (hiding).
  7846 | D:8      | 7846 ||| INVOKING Heroism.
  7858 | D:8      | Killed Grum
  7958 | D:8      | 7958 ||| INVOKING Heroism.
  7991 | D:8      | Noticed an orange crystal statue
  7992 | D:8      | 7992 ||| INVOKING Heroism.
  8004 | D:8      | Noticed a two-headed ogre
  8018 | D:8      | HP: 13/67 [two-headed ogre/+0 dire flail[an orange crystal
                  | statue] (12)]
  8018 | D:8      | Slain by a two-headed ogre

Levels and vault maps discovered:
D:1:      lordsloth_arrival_two_stooges, layout_loops_ring,
          chequers_ecumenical_altar_island, st_stairs_5, grunt_decor_one_mirror
D:2:      layout_basic, patterned_corridor
D:3:      layout_rooms, lemuel_round_altar
D:4:      gammafunk_cloud_chamber, layout_loops_ring,
          gammafunk_temple_overflow_elements, mainiacjoe_overflow_24_doors,
          minmay_temple_entry_ruins, serial_undead, serial_undead_e,
          serial_undead_d, serial_undead_a, serial_undead_e, serial_undead_d,
          serial_undead_e, serial_undead_b, serial_undead_f, serial_undead_b,
          serial_undead_f, uniq_edmund, uniq_blork_the_orc
D:5:      layout_basic, grunt_temple_overflow_order_and_chaos_1,
          mainiacjoe_overflow_alcove_4
D:6:      layout_basic
D:7:      layout_basic, nicolae_wu_jian_immortal_techniques, enter_ossuary_4,
          grunt_decor_arrowhead, water_boxes_lemuel
D:8:      minmay_separated_statues, layout_layer_cave,
          overflow_temple_1_default, minivault_4, grunt_decor_resistance,
          uniq_grum, uniq_maggie

Skill      XL: |  1  2  3  4  5  6  7  8  9 10 11 |
---------------+----------------------------------+-----
Axes           | 2 3 4 5 7 8 9 10 | 10.0
Throwing       | 1 2 |  2.2
Dodging        | 1 2 |  2.0
Fighting       | 4 6 7 |  7.0
Invocations    | 1 4 |  4.2
Armour         | 4 |  4.7
Shields        | 12 | 12.8

Action                   |  1- 3 |  4- 6 |  7- 9 | 10-12 || total
-------------------------+-------+-------+-------+-------++-------
Melee: War axe           |    85 |   100 |   178 |   214 ||   577
Throw: Javelin           |     9 |    35 |    24 |    11 ||    79
       Boomerang         |       |     2 |    24 |    39 ||    65
Invok: Heroism           |       |       |     5 |    11 ||    16
  Use: Scroll            |     3 |     5 |    10 |     2 ||    20
       Potion            |     2 |     1 |     5 |       ||     8
Armor: Scale mail        |    48 |    25 |       |       ||    73
       Chain mail        |       |    26 |    96 |    73 ||   195
Dodge: Dodged            |    39 |    36 |    40 |    69 ||   184
Block: Buckler           |    12 |    17 |    44 |    61 ||   134

Table legend:
 A = Non-vault XP
 B = Vault XP
 C = Vault XP percentage of total XP
 D = Non-vault monster count
 E = Vault monster count
 F = Vault count percentage of total count
                 A         B        C        D         E       F
            +---------+---------+-------+---------+---------+-------
      Total |    4410 |    2804 |  38.9 |     170 |      57 |  25.1
            +---------+---------+-------+---------+---------+-------
        D:1 |      28 |       2 |   6.7 |      16 |       2 |  11.1
        D:2 |      85 |       0 |   0.0 |      30 |       0 |   0.0
        D:3 |     156 |       0 |   0.0 |      27 |       0 |   0.0
        D:4 |     260 |    1030 |  79.8 |      26 |      21 |  44.7
        D:5 |    1235 |       0 |   0.0 |      19 |       0 |   0.0
        D:6 |     879 |       0 |   0.0 |      21 |       0 |   0.0
        D:7 |    1277 |       2 |   0.2 |      23 |       2 |   8.0
        D:8 |     490 |     645 |  56.8 |       8 |       5 |  38.5
    Ossuary |       0 |    1125 | 100.0 |       0 |      27 | 100.0
            +---------+---------+-------+---------+---------+-------
